 Dungeon Crawl Stone Soup version 0.15-a0-1206-g3bad1a6 (console) character file.

18197 lrvs the Arsonist (level 12, -2/94 HPs)
             Began as a Demigod Fire Elementalist on June 1, 2014.
             Slain by Rupert
             ... wielding a +1,+3 battleaxe of freezing
              (7 damage)
             ... while paralysed by Rupert
             ... on Level 4 of the Lair of Beasts.
             The game lasted 01:47:11 (23327 turns).

lrvs the Arsonist (Demigod Fire Elementalist)      Turns: 23327, Time: 01:47:11

HP  -2/94        AC  6     Str 13      XL: 12   Next:  0%
MP   2/26        EV  2     Int 26      God:
Gold 879         SH  0     Dex 17      Spells:  4 memorised,  7 levels left

rFire  . . .     SeeInvis .     W - +0 trident (flame)
rCold  . . .     Clarity  .     X - +0 steam dragon armour
rNeg   . . .     rCorr    .     (no shield)
rPois  +         rRot     .     (no helmet)
rElec  .         Spirit   .     i - +0 cloak
SustAb .         Warding  .     (no gloves)
rMut   .         Stasis   .     (no boots)
Gourm  +                        q - amulet of the gourmand
MR     +....                    f - ring of poison resistance
                                p - ring of invisibility

@: paralysed, very slightly contaminated, hasted, somewhat resistant to hostile
enchantments, unstealthy
A: no striking features
a: Evoke Invisibility


You were on level 4 of the Lair of Beasts.
You were very full.

You visited 4 branches of the dungeon, and saw 16 of its levels.
You also visited: Sewer.

You collected 879 gold pieces.

Inventory:

Hand weapons
 W - a +0,+0 trident of flaming (weapon)
Armour
 i - a +0 cloak (worn)
 X - a +0 steam dragon armour (worn)
Magical devices
 a - a wand of digging (9)
 n - a wand of teleportation (2)
 o - a wand of polymorph (3)
 s - a wand of frost (14)
 v - a wand of draining (7)
 w - a wand of paralysis (15)
 x - a wand of slowing (12)
 F - a wand of cold (6) {unknown}
 T - a wand of confusion (10)
 Z - a wand of flame (16)
Comestibles
 c - 7 bread rations
 k - 3 meat rations
 u - 2 beef jerkies
 z - a rotting chunk of iguana flesh
 D - a slice of pizza
 E - 12 fruits
 H - a chunk of bat flesh
 J - a chunk of adder flesh
Scrolls
 h - 3 scrolls of magic mapping
 l - 3 scrolls of remove curse
 y - a scroll of recharging
 B - a scroll of holy word {unknown}
 C - 2 scrolls of identify
 G - 7 scrolls of teleportation
 I - a scroll of fear
 O - 2 scrolls of fog
Jewellery
 b - an uncursed ring of stealth {unknown}
 f - a ring of poison resistance (right hand)
 p - a ring of invisibility (left hand)
 q - an amulet of the gourmand (around neck)
 r - an uncursed ring of flight
Potions
 d - 3 potions of might
 e - 4 potions of curing
 g - 3 potions of brilliance
 j - 4 potions of restore abilities
 m - 3 potions of heal wounds
 t - a potion of poison {unknown}
 A - a potion of haste


   Skills:
 * Level 5.4 Fighting
 + Level 4.1 Polearms
 + Level 2.5 Armour
 * Level 8.5 Dodging
 - Level 1.7 Stealth
 - Level 4.2 Spellcasting
 - Level 9.5 Conjurations
 - Level 10.4 Fire Magic
 * Level 4.3 Evocations


You had 7 spell levels left.
You knew the following spells:

 Your Spells              Type           Power        Failure   Level  Hunger
a - Flame Tongue          Conj/Fire      #####        1%          1    None
b - Throw Flame           Conj/Fire      ######       1%          2    None
c - Sticky Flame          Conj/Fire      ######..     1%          4    ####...
d - Fireball              Conj/Fire      ######....   4%          5    #####..


Dungeon Overview and Level Annotations

Branches:
Dungeon (10/15)            Temple (1/1) D:5             Orc (1/4) D:10
   Lair (4/8) D:9           Swamp (0/5) Lair:3
 Shoals: Lair:3-6     Snake: Lair:3-6    Spider: Lair:3-6

Annotations:
Lair:4 Rupert


Message History

Aim: Rupert, wielding a battleaxe of freezing and wearing a chain mail (heavily wounded, moving slowly)
The sticky flame hits Rupert.
Rupert is heavily wounded.
Rupert is covered in liquid flames!
Rupert burns!
Rupert burns!
Rupert looks more energetic.
Rupert burns!
Rupert roars wildly at you.
You suddenly lose the ability to move!
Rupert burns! x2
Rupert roars madly and goes into a rage!
Rupert goes berserk!
Rupert burns! x2
Rupert hits you with a battleaxe of freezing!
* * * LOW HITPOINT WARNING * * *
Rupert freezes you.
* * * LOW HITPOINT WARNING * * *
The rat bites you but does no damage.
Rupert burns!
Rupert hits you with a battleaxe of freezing!
You die...

########## ##### ######
#.#.#.##.###########...#####P#..#
................@r...............
.................@...........)...
.................................
.................................
.%............>..................
...#.#.P####..#.#.#.#####........
#P####### ########## ###.#....
### ####... #...


You could see Rupert (berserk) and a rat.

Vanquished Creatures
  2 hydras
  4 elephants (Lair:3)
  5 spiny frogs
  A fire drake (Lair:3)
  6 komodo dragons
  2 giant leeches (Lair:3)
  A two-headed ogre (D:10)
  A troll (D:9)
  8 yaks
  The ghost of E1999 the Cudgeler, an average OgHu of Makhleb (D:3)
  A wyvern (D:9)
  2 sharks
  A deep elf mage (D:10)
  3 hippogriffs
  A spriggan (D:7)
  A steam dragon (D:9)
  An ogre zombie (D:9)
  6 porcupines
  7 orc warriors
  3 sky beasts
  3 water moccasins
  2 black bears
  3 centaurs
  A necrophage (D:5)
  2 phantoms
  7 ogres
  Duvessa (D:4)
  2 crocodiles
  12 giant frogs
  11 giant slugs
  6 scorpions
  7 killer bees
  7 wights
  A quasit (D:6)
  A yak zombie (D:10)
  2 electric eels
  2 troll skeletons
  4 crimson imps
  A goliath beetle (D:9)
  Dowan (D:4)
  11 orc priests
  3 jellies
  6 big fish
  Crazy Yiuf (D:3)
  4 hounds
  A giant frog skeleton (D:7)
  6 iguanas
  14 orc wizards
  6 worker ants
  A big kobold zombie (D:7)
  4 sheep
  Ijyb (D:2)
  Jessica (D:3)
  An ogre skeleton (D:10)
  Terence (D:3)
  A hound skeleton (D:10)
  A worker ant zombie (D:10)
  A mummy (D:7)
  29 adders
  4 gnolls (D:6)
  An orc skeleton (D:10)
  2 giant mites
  17 green rats
  7 worms
  An iguana zombie (D:5)
  An adder zombie (D:5)
  2 iguana skeletons
  7 giant geckos
  3 oozes
  64 orcs
  22 bats
  18 hobgoblins
  21 jackals
  21 kobolds
  8 quokkas
  19 ball pythons
  7 giant cockroaches
  5 giant newts
  21 goblins
  A kobold skeleton (D:4)
  44 rats
  A butterfly (Lair:1)
  A fungus (Lair:3)
  A plant (Lair:3)
525 creatures vanquished.

Vanquished Creatures (others)
  A goblin (D:5)
  A fungus (Lair:3)
2 creatures vanquished.

Grand Total: 527 creatures vanquished

Notes
Turn   | Place    | Note
--------------------------------------------------------------
     0 | D:1      | lrvs, the Demigod Fire Elementalist, began the quest for the Orb.
     0 | D:1      | Reached XP level 1. HP: 14/14 MP: 3/3
    28 | D:1      | Found a shimmering altar of Xom.
   144 | D:1      | Reached skill level 3 in Fire Magic
   431 | D:1      | Reached XP level 2. HP: 20/20 MP: 0/4
   507 | D:1      | Learned a level 2 spell: Throw Flame
  1012 | D:2      | Found a deep blue altar of Sif Muna.
  1020 | D:2      | Found a shimmering altar of Xom.
  1024 | D:2      | Found a shadowy altar of Dithmenos.
  1245 | D:2      | Reached skill level 1 in Conjurations
  1614 | D:2      | Noticed Ijyb
  1662 | D:2      | Killed Ijyb
  1662 | D:2      | Reached XP level 3. HP: 16/26 MP: 0/8
  2063 | D:2      | Reached skill level 4 in Fire Magic
  2330 | D:2      | Reached XP level 4. HP: 30/33 MP: 2/10
  2534 | D:3      | Noticed an ogre
  2538 | D:3      | Killed an ogre
  2665 | D:3      | Reached XP level 5. HP: 38/38 MP: 6/12
  2735 | D:3      | Reached skill level 5 in Fire Magic
  2865 | D:3      | Learned a level 4 spell: Sticky Flame
  2945 | D:3      | Noticed Jessica
  2949 | D:3      | Killed Jessica
  3016 | D:3      | Noticed Terence
  3031 | D:3      | Killed Terence
  3115 | D:3      | Noticed E1999's ghost (average OgHu)
  3363 | D:4      | Noticed a sky beast
  3611 | D:3      | Found a white marble altar of Elyvilon.
  3717 | D:4      | Reached XP level 6. HP: 45/45 MP: 8/14
  3854 | D:4      | Noticed Duvessa
  3854 | D:4      | Noticed Dowan
  4286 | D:4      | Killed a sky beast
  4506 | D:4      | Killed Dowan
  4914 | D:4      | Killed Duvessa
  4914 | D:4      | Reached XP level 7. HP: 38/50 MP: 0/17
  5151 | D:4      | Reached skill level 6 in Fire Magic
  5574 | D:5      | Entered Level 5 of the Dungeon
  5574 | D:5      | Found a glowing golden altar of the Shining One.
  5769 | D:5      | Reached skill level 1 in Polearms
  5769 | D:5      | Reached skill level 5 in Conjurations
  6384 | D:5      | Reached skill level 7 in Fire Magic
  6384 | D:5      | Reached XP level 8. HP: 57/57 MP: 7/18
  6550 | D:5      | Found a staircase to the Ecumenical Temple.
  6580 | D:5      | Found a burning altar of Makhleb.
  6581 | D:5      | Found an ancient bone altar of Kikubaaqudgha.
  6581 | D:5      | Found a shattered altar of Ashenzari.
  6614 | Temple   | Entered the Ecumenical Temple
  6958 | D:5      | Found a sparkling altar of Nemelex Xobeh.
  7433 | D:6      | Found a glowing drain.
  7437 | Sewer    | Entered a sewer
  8527 | D:6      | Got a steaming leather armour
  8630 | D:6      | Identified the cursed -5 leather armour "Ubrisch" {+Blink +Fly Dex+2} (You found it on level 6 of the Dungeon)
  8637 | D:6      | Reached skill level 8 in Fire Magic
  8710 | D:6      | Reached XP level 9. HP: 54/62 MP: 4/19
  9139 | D:6      | Learned a level 5 spell: Fireball
 10540 | D:7      | Reached skill level 9 in Fire Magic
 11188 | D:8      | Found a snail-covered altar of Cheibriados.
 11930 | D:9      | Found a radiant altar of Vehumet.
 12142 | D:9      | Found a staircase to the Lair.
 12348 | D:9      | Reached skill level 1 in Evocations
 12348 | D:9      | Reached XP level 10. HP: 22/69 MP: 0/21
 12967 | D:9      | Reached skill level 10 in Fire Magic
 13471 | Lair:1   | Entered Level 1 of the Lair of Beasts
 13659 | Lair:1   | Reached skill level 1 in Fighting
 13879 | Lair:1   | Reached skill level 1 in Armour
 16362 | Lair:3   | Found a staircase to the Swamp.
 16950 | Lair:3   | Reached XP level 11. HP: 83/83 MP: 5/22
 17715 | Lair:3   | Reached skill level 5 in Dodging
 18655 | Lair:3   | Noticed a five-headed hydra
 18660 | Lair:3   | Killed a five-headed hydra
 19882 | D:3      | Killed E1999's ghost
 20068 | D:3      | Noticed Crazy Yiuf
 20071 | D:3      | Killed Crazy Yiuf
 20220 | D:10     | Entered Level 10 of the Dungeon
 21628 | D:10     | Reached skill level 5 in Fighting
 21799 | D:10     | Found a staircase to the Orcish Mines.
 21851 | Orc:1    | Entered Level 1 of the Orcish Mines
 22919 | Lair:4   | Noticed a seven-headed hydra
 22933 | Lair:4   | Killed a seven-headed hydra
 23194 | Lair:4   | Reached XP level 12. HP: 94/94 MP: 22/26
 23273 | Lair:4   | Noticed Rupert
 23322 | Lair:4   | Paralysed by Rupert for 5 turns
 23327 | Lair:4   | Slain by Rupert

Action                   |  1- 3 |  4- 6 |  7- 9 | 10-12 || total
-------------------------+-------+-------+-------+-------++-------
Melee: Unarmed           |    16 |       |       |       ||    16
       Whip              |     7 |     9 |       |       ||    16
       Trident           |       |    18 |   575 |   370 ||   963
 Cast: Flame Tongue      |    75 |    83 |   218 |   319 ||   695
       Throw Flame       |     4 |    41 |   122 |   183 ||   350
       Sticky Flame      |       |     2 |    31 |    48 ||    81
       Fireball          |       |       |       |    22 ||    22
Evoke: Wand              |       |     2 |     5 |     6 ||    13
  Use: Scroll            |     2 |     6 |     9 |     4 ||    21
       Potion            |       |     2 |     4 |     6 ||    12
 Stab: Distracted        |       |     1 |       |       ||     1
       Sleeping          |       |       |     2 |     7 ||     9
